 Dungeon Crawl Stone Soup version 0.30-a0-373-gd37427bb62 (webtiles) character file.

Game seed: 9749106251775683652

284 greenreed the Shield-Bearer (level 6, 0/49 HPs)
             Began as a Formicid Fighter on Nov 24, 2022.
             Slain by an adder (3 damage)
             ... on level 3 of the Dungeon.
             The game lasted 00:05:15 (2449 turns).

greenreed the Shield-Bearer (Formicid Fighter)      Turns: 2449, Time: 00:05:16

Health: 0/49       AC: 11    Str: 35    XL:     6   Next: 54%
Magic:  6/6        EV:  7    Int:  7    God:
Gold:   150        SH:  5    Dex: 13    Spells: 5/5 levels left

rFire   + . .      SeeInvis +    a - +0 trident
rCold   . . .      Faith    .    c - +0 buckler
rNeg    . . .      Spirit   .    h - +0 plate armour {rF+}
rPois   .          Reflect  .    (helmet unavailable)
rElec   .          Harm     .    (no cloak)
rCorr   .          Rampage  .    (no gloves)
Will    .....                    (no boots)
Stlth   ..........               (no amulet)
HPRegen 0.28/turn                q - +6 ring of strength
MPRegen 0.10/turn                v - +6 ring of strength

@: mighty
A: permanent stasis, dig shafts and tunnels, antennae 3, four strong arms
a: Dig, Shaft Self


You were on level 3 of the Dungeon.
You visited 1 branch of the dungeon, and saw 4 of its levels.

You collected 174 gold pieces.
You spent 24 gold pieces at shops.

Inventory:

Hand Weapons
 a - a +0 trident (weapon)
Missiles
 r - 5 atropa-tipped darts
Armour
 b - a +0 scale mail
 c - a +0 buckler (worn)
 h - a +0 plate armour of fire resistance (worn)
 s - a +0 pair of boots
Jewellery
 f - an amulet of faith
 q - a +6 ring of strength (left hand)
 v - a +6 ring of strength (right hand)
Scrolls
 e - a scroll of poison
 g - 2 scrolls of vulnerability
 n - a scroll of teleportation
 o - 2 scrolls of fear
 p - a scroll of noise {unknown}
 t - a scroll of silence {unknown}
 x - a scroll of brand weapon {unknown}
 y - a scroll of identify
Potions
 d - a potion of might
 i - a potion of cancellation {unknown}
 j - a potion of resistance {unknown}
 k - a potion of magic {unknown}
 l - a potion of curing {unknown}
 m - 2 potions of brilliance {unknown}
 u - a potion of degeneration {unknown}
 w - a potion of flight {unknown}


   Skills:
 * Level 4.4 Fighting
 * Level 4.8 Polearms
 + Level 4.0 Armour
 + Level 5.0 Shields


You had 5 spell levels left.
You didn't know any spells.
Your spell library contained the following spells:

 Spells                   Type           Power      Damage    Failure   Level
 Freeze                   Ice            0%         1d3       99%         1
 Shock                    Conj/Air       0%         1d3       99%         1
 Ensorcelled Hibernation  Hex/Ice        0%         N/A       99%         2
 Frozen Ramparts          Ice            0%         1d1       100%        3
 Hailstorm                Conj/Ice       0%         3d3       100%        3
 Spider Form              Tmut/Pois      0%         N/A       100%        3
 Airstrike                Air            0%         2d(0-16)  100%        4
 Anguish                  Hex/Necr       0%         N/A       100%        4
 Swiftness                Air            Unusable   N/A       N/A         3

Dungeon Overview and Level Annotations

Branches:
Dungeon (4/15)
 Temple: D:4-7

Altars:
Okawaru
Sif Muna
Yredelemnul

Shops:
D:2 ?

Annotations:
D:3 1 runed translucent door, Darkkill's ghost, amateur MiHu
D:4 2 transporters, Pikel


Innate Abilities, Weirdness & Mutations

You cannot be hasted, slowed, berserked, paralysed or teleported.
You can dig through walls and to a lower floor.
You have a pair of large antennae on your head. (SInv)
Your four strong arms can wield two-handed weapons with a shield.


Message History

You feel sick.
You are too injured to fight recklessly!
You are too injured to fight recklessly!
You hit the water moccasin.
The water moccasin is lightly wounded.
You feel sick. The water moccasin closely misses you.
The water moccasin bites you but does no damage.
You hit the water moccasin but do no damage.
The water moccasin is lightly wounded.
You feel sick. The water moccasin barely misses you.
You feel very mighty all of a sudden.
You feel sick. The water moccasin barely misses you.
You block the water moccasin's attack.
You puncture the water moccasin!
The water moccasin is heavily wounded.
You feel sick. You block the water moccasin's attack.
You miss the water moccasin.
The water moccasin is heavily wounded.
You feel sick. You block the water moccasin's attack.
The water moccasin barely misses you.
You puncture the water moccasin!
The water moccasin is almost dead.
You feel sick.
You are no longer poisoned.
The water moccasin bites you.
* * * LOW HITPOINT WARNING * * *
You miss the water moccasin.
The water moccasin is almost dead.
The water moccasin bites you.
* * * LOW HITPOINT WARNING * * *
The water moccasin bites you.
* * * LOW HITPOINT WARNING * * *
You impale the water moccasin!!
You kill the water moccasin!
The adder barely misses you.
Your Armour skill increases to level 4!
Your Shields skill increases to level 5!
You have reached level 6!
You closely miss the adder. The adder bites you.
You die...

########....##.#.#.#
####..#.#.#.#
########.......#.#
#............###.#
#....>.(.......#.#
#.....)......#.#.#
#............#.#.#
#...........##.#.#
#...........S@.#.#
#...........####.#
###########.>....#
########


You could see an adder.

Vanquished Creatures
  A water moccasin (D:3)
  A phantom (D:4)
  An orc wizard (D:3)
  A gnoll (D:1)
  An adder (D:3)
  A worm (D:4)
  4 dart slugs
  8 orcs
  5 ball pythons
  3 endoplasms
  2 goblins
  2 hobgoblins (D:3)
  5 jackals (D:3)
  5 kobolds
  2 quokkas
  2 bats
  3 frilled lizards
  8 rats
55 creatures vanquished.

Notes
Turn   | Place    | Note
-------+----------+-------------------------------------------
     0 | D:1      | greenreed the Formicid Fighter began the quest for the Orb.
     0 | D:1      | Reached XP level 1. HP: 18/18 MP: 1/1
   112 | D:1      | Reached XP level 2. HP: 19/24 MP: 2/2
   155 | D:1      | Found a faded altar of an unknown god.
   193 | D:1      | Reached XP level 3. HP: 29/29 MP: 3/3
   825 | D:2      | Found Liadiano's Magic Scroll Shop.
   833 | D:2      | Bought a scroll of identify for 24 gold pieces
  1164 | D:3      | Found an iron altar of Okawaru.
  1199 | D:3      | Found a runed translucent door.
  1212 | D:3      | Noticed Darkkill's ghost (amateur MiHu)
  1243 | D:3      | Reached XP level 4. HP: 24/37 MP: 4/4
  1591 | D:3      | Reached XP level 5. HP: 42/42 MP: 5/5
  2051 | D:4      | Found a basalt altar of Yredelemnul.
  2051 | D:4      | Found a shimmering blue altar of Sif Muna.
  2054 | D:4      | Noticed a bullfrog
  2054 | D:4      | Noticed a bullfrog
  2057 | D:4      | Noticed a steam dragon
  2059 | D:4      | Found a transporter.
  2059 | D:4      | Noticed a phantom
  2068 | D:4      | Found a transporter.
  2115 | D:4      | Noticed an ogre
  2346 | D:4      | Noticed a phantom
  2354 | D:4      | Killed a phantom
  2376 | D:4      | Noticed a lemure
  2376 | D:4      | Noticed an ogre
  2377 | D:4      | Noticed Pikel
  2395 | D:4      | Noticed a lemure
  2422 | D:4      | Noticed a water moccasin
  2447 | D:3      | HP: 2/43 [water moccasin (2)]
  2448 | D:3      | Killed a water moccasin
  2449 | D:3      | Reached skill level 5 in Shields
  2449 | D:3      | Reached XP level 6. HP: 3/49 MP: 6/6
  2449 | D:3      | Slain by an adder

Illustrated notes

Levels and vault maps discovered:
D:1:      eino_arrival_water_cross, layout_basic,
          hellmonk_ecumenical_altar_blasted
D:2:      layout_rooms, serial_shops, nicolae_shop_hallway_stairs
D:3:      layout_basic, lemuel_coloured_pillars_altar, ebering_ghost_sewer_d
D:4:      layout_basic, beargit_hepliaklqana_dungeon_heroes,
          gammafunk_temple_overflow_arena, kennysheep_little_box, uniq_grinder,
          uniq_pikel

Skill      XL: |  1  2  3  4  5 |
---------------+----------------+-----
Fighting       | 4 |  4.4
Polearms       | 3 4 |  4.8
Armour         | 4 |  4.0
Shields        | 5 |  5.0

Action                   |  1- 3 |  4- 6 || total
-------------------------+-------+-------++-------
Melee: Trident           |    80 |    77 ||   157
  Use: Scroll            |     4 |       ||     4
       Potion            |       |     1 ||     1
Armor: Scale mail        |     5 |       ||     5
       Plate armour      |    20 |    48 ||    68
Dodge: Dodged            |    18 |    31 ||    49
Block: Buckler           |    10 |    14 ||    24

Table legend: (Time is in decaauts)
 A = Elapsed time spent in this place.
 B = Non-inter-level travel time spent in this place.
 C = Inter-level travel time spent in this place.
 D = Time resting spent in this place.
 E = Time spent auto-exploring this place.
 F = Levels seen in this place.
 G = Mean time per level.
                   A        B        C        D        E       F      G
               +--------+--------+--------+--------+--------+-----+--------+
         Total |   2479 |   2332 |    147 |    169 |   1622 |   4 |  619.8 |
       Dungeon |   2479 |   2332 |    147 |    169 |   1622 |   4 |  619.8 |
               +--------+--------+--------+--------+--------+-----+--------+

Top non-repeatable levels by time:
     D:3: 1105 daAuts
     D:1: 628 daAuts
     D:2: 443 daAuts
     D:4: 302 daAuts
